 Dungeon Crawl Stone Soup version 0.27.0-1-g7a089689b8 (webtiles) character file.

Game seed: 12316555723100569643

38 sanka the Ducker (level 3, -10/22 HPs)
             Began as a Deep Elf Gladiator on Aug 3, 2021.
             Mangled by an iguana (12 damage)
             ... on level 2 of the Dungeon.
             The game lasted 00:03:09 (1602 turns).

sanka the Ducker (Deep Elf Gladiator)               Turns: 1602, Time: 00:03:09

Health: -10/22     AC:  4    Str: 11    XL:     3   Next: 25%
Magic:  5/5        EV: 13    Int: 13    God:
Gold:   112        SH:  0    Dex: 16    Spells: 2/2 levels left

rFire    . . .     SeeInvis .   a - +0 quarterstaff
rCold    . . .     Faith    +   (shield currently unavailable)
rNeg     . . .     Spirit   .   b - +0 leather armour
rPois    .         Reflect  .   c - +0 helmet
rElec    .         Harm     .   (no cloak)
rCorr    .         Rampage  .   (no gloves)
Will     .....                  (no boots)
Stlth    +.........             f - amulet of faith
HPRegen  0.07/turn              (no ring)
MPRegen  0.09/turn              (no ring)

@: no status effects
A: no striking features
a: no special abilities


You were on level 2 of the Dungeon.
You visited 1 branch of the dungeon, and saw 3 of its levels.

You collected 112 gold pieces.


   Skills:
 + Level 2.4 Fighting
 - Level 3.0 Staves
 - Level 2.0 Throwing
 + Level 4.5 Dodging


You had 2 spell levels left.
You didn't know any spells.
Your spell library was empty.

Inventory:

Hand Weapons
 a - a +0 quarterstaff (weapon)
Armour
 b - a +0 leather armour (worn)
 c - a +0 helmet (worn)
Jewellery
 f - an amulet of faith (around neck)
Scrolls
 e - a scroll of fog {unknown}
 g - a scroll of identify {unknown}
 h - a scroll of noise {unknown}
 k - a scroll of teleportation {unknown}
 l - a scroll of enchant weapon {unknown}
 m - 3 scrolls of blinking {unknown}
Potions
 i - a potion of brilliance {unknown}
 j - 2 potions of curing {unknown}

Dungeon Overview and Level Annotations

Branches:
Dungeon (3/15)

Altars:

Shops:
D:1 :

Annotations:
D:3 Grinder

▒▒▒▒▒▒▒▒▒.............▒▒▒
▒.......(.▒.▒......▒▒...▒
▒..................▒▒▒▒..
▒..........▒▒▒....▒......
▒..........▒▒.......▒▒...
▒.............†........▒▒
▒.....>....▒▒.▒...▒▒...▒.
▒.......l..▒.........▒...
▒.......e.........▒▒...▒▒
▒▒....................▒▒▒▒
▒...............[...▒▒....
▒......................▒▒▒
▒......(............▒▒...▒
▒...[....▒.......▒▒▒▒.....
▒.....▒▒..................
▒.....▒▒▒▒.......▒▒▒......
▒.....▒ ▒.......▒ ▒......


You could see an iguana.


Message History

You hit the iguana.
The iguana is heavily wounded.
The iguana struggles against the net.
You barely miss the iguana.
The iguana is heavily wounded.
The iguana struggles against the net.
The net rips apart, and the iguana comes free!
You closely miss the iguana.
The iguana is heavily wounded.
The iguana misses you.
You hit the iguana but do no damage.
The iguana is heavily wounded.
The iguana bites you!
Ouch! That really hurt!
* * * LOW HITPOINT WARNING * * *
You hit the iguana but do no damage.
The iguana is heavily wounded.
The iguana closely misses you. The iguana barely misses you.
You barely miss the iguana.
The iguana is heavily wounded.
The iguana barely misses you.
You hit the iguana but do no damage.
The iguana is heavily wounded.
The iguana barely misses you.
You hit the iguana.
The iguana is severely wounded.
The iguana bites you!
Ouch! That really hurt!
You die...

Action                   || total
-------------------------++-------
Melee: Quarterstaff      ||    79
Throw: Throwing net      ||     4
Armor: Leather armour    ||    16
Dodge: Dodged            ||    54

Levels and vault maps discovered:
D:1:      minmay_arrival_diagonal_passages, layout_basic,
          basic_ecumenical_altar, serial_shops, nicolae_shop_stone
D:2:      layout_rooms, minmay_tiny_reverse_x
D:3:      minmay_bubble_buster, layout_loops_ring, tso_altar, serial_shops,
          nicolae_square_shop, minivault_14, grunt_ministairs_10,
          minmay_crystal_room, minmay_unequal, uniq_grinder, uniq_robin,
          uniq_jessica, uniq_ijyb

Notes
Turn   | Place    | Note
-------+----------+-------------------------------------------
     0 | D:1      | sanka the Deep Elf Gladiator began the quest for the Orb.
     0 | D:1      | Reached XP level 1. HP: 12/12 MP: 3/3
    21 | D:1      | Found Itosiohi's Book Shoppe.
   148 | D:1      | Reached skill level 2 in Fighting
   148 | D:1      | Reached skill level 4 in Dodging
   148 | D:1      | Reached XP level 2. HP: 12/17 MP: 4/4
   528 | D:1      | Found a faded altar of an unknown god.
  1035 | D:2      | Reached XP level 3. HP: 21/21 MP: 5/5
  1586 | D:3      | Noticed Grinder
  1598 | D:2      | HP: 2/22 [iguana (13)]
  1602 | D:2      | Mangled by an iguana

Vanquished Creatures
  A gnoll (D:1)
  A dart slug (D:1)
  3 ball pythons
  A bat (D:1)
  2 endoplasms (D:2)
  A giant cockroach (D:2)
  4 hobgoblins
  A kobold (D:1)
  2 quokkas
  2 frilled lizards (D:2)
  3 goblins (D:1)
  3 rats
24 creatures vanquished.
